 Dungeon Crawl Stone Soup version 0.27.0-1-g7a089689b8 (webtiles) character file.

Game seed: 2759416639360456497

105 horus123 the Skirmisher (level 4, -2/35 HPs)
             Began as a Demonspawn Abyssal Knight on Aug 16, 2021.
             Was a Believer of Lugonu.
             Slain by a scorpion (7 damage)
             ... on level 3 of the Dungeon.
             The game lasted 00:04:58 (2370 turns).

horus123 the Skirmisher (Demonspawn Abyssal Knight) Turns: 2370, Time: 00:05:01

Health: -2/35      AC:  4    Str: 12    XL:     4   Next: 53%
Magic:  5/5        EV: 13    Int: 15    God:    Lugonu [**....]
Gold:   126        SH:  0    Dex: 12    Spells: 3/5 levels left

rFire    . . .     SeeInvis .   a - +1 falchion (vorpal)
rCold    . . .     Faith    .   (no shield)
rNeg     . . .     Spirit   .   h - +2 robe {Will+}
rPois    .         Reflect  .   (no helmet)
rElec    .         Harm     .   (no cloak)
rCorr    .         Rampage  .   (no gloves)
Will     +....                  (no boots)
Stlth    +.........             (no amulet)
HPRegen  0.11/turn              (no ring)
MPRegen  0.18/turn              (no ring)

@: no status effects
A: repulsion field 1, magic regeneration
a: Renounce Religion, Depart the Abyss, Bend Space


You were on level 3 of the Dungeon.
You worshipped Lugonu.
Lugonu was pleased with you.
You visited 1 branch of the dungeon, and saw 3 of its levels.
You visited the Abyss 1 time.

You collected 126 gold pieces.

Inventory:

Hand Weapons
 a - a +1 vorpal falchion (weapon)
Missiles
 c - 6 boomerangs (quivered)
Armour
 b - a +1 leather armour
 h - a +2 robe of willpower (worn)
Wands
 f - a wand of flame (15)
Scrolls
 e - 2 scrolls of noise
 g - a scroll of brand weapon
 i - 2 scrolls of amnesia {unknown}
 j - a scroll of identify
Potions
 d - a potion of haste


   Skills:
 + Level 3.5 Fighting
 + Level 2.9 Long Blades
 + Level 2.3 Armour
 + Level 1.2 Dodging
 * Level 1.2 Spellcasting
 * Level 1.0 Hexes
 + Level 2.5 Invocations


You had 3 spell levels left.
You knew the following spells:

 Your Spells              Type           Power      Damage    Failure   Level
a - Slow                  Hex            4%         N/A       24%         2

Your spell library contained the following spells:

 Spells                   Type           Power      Damage    Failure   Level
 Confusing Touch          Hex            4%         N/A       43%         3
 Vampiric Draining        Necr           0%         2d6       58%         3


Dungeon Overview and Level Annotations

Branches:
Dungeon (3/15)

Altars:


Innate Abilities, Weirdness & Mutations

You are surrounded by a mild repulsion field. (EV +2)
You regenerate magic rapidly.


Message History

You see here a +0 robe.
You now have 126 gold pieces (gained 19).
j - a scroll of identify A frilled lizard comes into view.
The frilled lizard hisses angrily.
A frilled lizard is nearby!
You barely miss the frilled lizard.
The frilled lizard bites you but does no damage.
You hit the frilled lizard.
You kill the frilled lizard!
Lugonu accepts your kill.
No target in view!
No target in view!
You see here a frilled lizard corpse.
You see here a frilled lizard corpse.
A scorpion comes into view.
You see here a scroll labelled ZIPTON LAIRPHUBB.
The scorpion stings you. x2
You hit the scorpion but do no damage. The scorpion stings you.
You hit the scorpion but do no damage. The scorpion barely misses you.
You riposte.
You hit the scorpion but do no damage. You closely miss the scorpion.
The scorpion stings you! The scorpion stings you.
* * * LOW HITPOINT WARNING * * *
You are too injured to fight recklessly!
You see here a scroll labelled ZIPTON LAIRPHUBB.
i - 2 scrolls labelled ZIPTON LAIRPHUBB (gained 1)
The scorpion barely misses you.
The scorpion stings you but does no damage.
The scorpion stings you but does no damage.
The scorpion stings you!
* * * LOW HITPOINT WARNING * * *
Unknown command.
Aiming: Throw Flame
Press: ? - help, Shift-Dir - straight line, f - scorpion
Aim: a scorpion (68% to hit)
The puff of flame hits the scorpion.
The scorpion is lightly wounded.
The scorpion closely misses you. The scorpion stings you!
You die...

#.#.######.....#.......#
..................##.#.#
##########.....#..##.#.#
##....#.†...#.#
####.......#.#
###.##.##.# #.......#
#s##.#.## #@##.#.#
#....#.# #..###.#
#..###.# #......#
##.####### #.# ##.##
..#####.# ##.#.##
#.......###.###.##


You could see a scorpion.

Vanquished Creatures
  Jessica (D:2)
  Terence (D:2)
  A worm (D:2)
  2 dart slugs (D:1)
  3 bats
  A bat skeleton (D:2)
  4 endoplasms
  3 giant cockroaches
  7 goblins
  2 hobgoblins
  4 kobolds
  A quokka (D:2)
  6 ball pythons
  A ball python skeleton (D:2)
  A ball python zombie (D:2)
  5 frilled lizards
  A giant cockroach zombie (D:2)
  2 quokka zombies (D:2)
  3 rats
49 creatures vanquished.

Notes
Turn   | Place    | Note
-------+----------+-------------------------------------------
     0 | Abyss:1  | horus123 the Demonspawn Abyssal Knight began the quest for
                  | the Orb.
     0 | Abyss:1  | Reached XP level 1. HP: 18/18 MP: 2/2
    10 | Abyss:1  | Noticed an iron imp
    33 | D:1      | Escaped the Abyss
    52 | D:1      | Found a faded altar of an unknown god.
   285 | D:1      | Gained mutation: You regenerate magic rapidly. [demonic
                  | ancestry]
   285 | D:1      | Reached XP level 2. HP: 17/24 MP: 3/3
   391 | D:1      | Learned a level 2 spell: Slow
   863 | D:1      | Reached ** piety under Lugonu
   864 | D:1      | Reached skill level 1 in Spellcasting
  1066 | D:2      | Gained mutation: You are surrounded by a mild repulsion
                  | field. (EV +2) [demonic ancestry]
  1066 | D:2      | Reached XP level 3. HP: 29/29 MP: 4/4
  1167 | D:2      | Reached skill level 1 in Dodging
  1662 | D:2      | Noticed Jessica
  1675 | D:2      | Killed Jessica
  1676 | D:2      | Reached skill level 1 in Hexes
  1676 | D:2      | Reached XP level 4. HP: 26/35 MP: 5/5
  1815 | D:2      | Noticed Terence
  1827 | D:2      | Killed Terence
  2345 | D:3      | Noticed a scorpion
  2370 | D:3      | Slain by a scorpion

Illustrated notes

Levels and vault maps discovered:
D:1:      wheals_arrival_shading, layout_basic,
          hellmonk_ecumenical_altar_slurped_away
D:2:      layout_loops_ring, serial_undead, serial_undead_d, serial_undead_b,
          serial_undead_d, serial_undead_a, uniq_terence, uniq_jessica
D:3:      layout_loops_cross, vehumet_crystals, grunt_decor_arrowhead

Skill      XL: |  1  2  3 |
---------------+----------+-----
Armour         | 2 |  2.3
Spellcasting   | 1 |  1.2
Long Blades    | 2 |  2.9
Dodging        | 1 |  1.2
Hexes          | 1 |  1.0
Fighting       | |  3.5
Invocations    | |  2.5

Action                   |  1- 3 |  4- 6 || total
-------------------------+-------+-------++-------
Melee: Falchion          |   100 |    19 ||   119
Evoke: Wand              |       |     1 ||     1
  Use: Scroll            |     4 |     2 ||     6
Armor: Leather armour    |    38 |       ||    38
       Robe              |       |     4 ||     4
Dodge: Dodged            |    80 |    12 ||    92
       Rpst.: Falchion   |    24 |     3 ||    27
